 Dungeon Crawl Stone Soup version 0.21-a0-414-gba8bdf1 (webtiles) character file.

141 Koleisus the Grave Robber (level 5, 0/37 (38) HPs)
             Began as a Ghoul Necromancer on Nov 2, 2017.
             Slain by a gnoll
             ... wielding a +0 halberd
              (12 damage)
             ... on level 3 of the Dungeon.
             The game lasted 00:12:57 (1727 turns).

Koleisus the Grave Robber (Ghoul Necromancer)       Turns: 1727, Time: 00:12:57

HP:   0/37 (38)     AC:  2    Str: 12    XL:     5   Next: 24%
MP:   1/8           EV: 11    Int: 11    God:
Gold: 61            SH:  5    Dex:  9    Spells: 4/9 levels left

rFire    . . .     SeeInvis .     - Unarmed
rCold    + . .     Gourm    .   e - +2 buckler
rNeg     + + +     Faith    .   a - +0 robe
rPois    ∞         Spirit   .   (no helmet)
rElec    .         Reflect  .   (no cloak)
rCorr    .         Harm     .   (no gloves)
MR       .....                  (no boots)
Stlth    ++........             (no amulet)
HPRegen  0.00/turn              (no ring)
MPRegen  0.11/turn              (no ring)

@: rotting
A: rotting body, claws 1, carnivore 3, cold resistance 1, negative energy
resistance 3, inhibited regeneration, torment resistance, unbreathing
a: no special abilities


You were on level 3 of the Dungeon.
You were hungry.

You visited 1 branch of the dungeon, and saw 3 of its levels.

You collected 61 gold pieces.

Inventory:

Armour
 a - a +0 robe (worn)
 e - a +2 buckler (worn)
Scrolls
 g - a scroll of blinking {unknown}
 h - a scroll of identify {unknown}
 i - a scroll of amnesia {unknown}
 l - a scroll of fear {unknown}
Potions
 j - a potion of lignification {unknown}
 k - a potion of might
 m - a potion of curing
Books
 b - a book of Necromancy

   Spells                             Type                      Level
   a - Pain                           Necromancy                   1
   b - Animate Skeleton               Necromancy                   1
   c - Vampiric Draining              Necromancy                   3
   d - Regeneration                   Charms/Necromancy            3
   e - Animate Dead                   Necromancy                   4
   f - Control Undead                 Necromancy                   4
Comestibles
 c - a meat ration
 f - 2 bread rations


   Skills:
 + Level 0.1 Fighting
 + Level 2.0 Dodging
 + Level 2.2 Stealth
 + Level 0.1 Shields
 + Level 1.1 Unarmed Combat
 + Level 2.9 Spellcasting
 + Level 5.3 Necromancy


You had 4 spell levels left.
You knew the following spells:

 Your Spells              Type           Power        Failure   Level  Hunger
a - Pain                  Necr           ##..         4%          1    #......
b - Animate Skeleton      Necr           N/A          4%          1    #......
c - Vampiric Draining     Necr           ##........   14%         3    ###....


Dungeon Overview and Level Annotations

Branches:
Dungeon (3/15)

Altars:


Innate Abilities, Weirdness & Mutations

Your body is rotting away.
You thrive on raw meat.
You are immune to poison.
You have sharp fingernails.
You are carnivorous and can eat meat at any time.
Your flesh is cold resistant. (rC+)
You are immune to negative energy. (rN+++)
You do not regenerate when monsters are visible.
You are immune to unholy pain and torment.
You can survive without breathing.


Message History

Aiming: Pain
Press: ? - help, Shift-Dir - straight line, f - gnoll
Aim: a gnoll, wielding a halberd (moderately wounded, chance to defeat MR: 77%)
The gnoll writhes in agony!
The gnoll misses you.
Unknown command.
You scratch the gnoll but do no damage.
The gnoll is heavily wounded.
You barely miss the gnoll.
The gnoll is heavily wounded.
You block the gnoll's attack.
You barely miss the gnoll.
The gnoll is heavily wounded.
The gnoll closely misses you.
You scratch the gnoll but do no damage.
The gnoll is heavily wounded.
You block the gnoll's attack.
You barely miss the gnoll.
The gnoll is heavily wounded.
The gnoll hits you with a halberd!
You die...

#.^...# #######.....####
#..............##
#.#####.....##..
#.#####.....#.. .........<..#.#
#########.#.#.## .#########
#.#....####...........#
#############...@g....#######.#
)...........#..######.#
#####.### #.####.####.#.##
#........ #.#..+.'..#.#.#
#.###.##. #.#..#.#.⌠#.#.# # #.#
#.##. #.#'##.####.#.# #.###.#
#.##. #......(....###
###.....###.##. #.#'##.####.#
..........#.##. #.#..'.'..#Z#
######.#.#..<.


You could see a gnoll.

Vanquished Creatures
  Jessica (D:3)
  Terence (D:2)
  2 gnolls (D:3)
  3 adders
  2 oozes (D:3)
  An adder skeleton (D:3)
  A dart slug (D:1)
  2 giant cockroaches
  6 goblins (D:3)
  4 hobgoblins
  A quokka (D:3)
  4 bats
  A frilled lizard (D:2)
  2 kobolds
  5 rats
36 creatures vanquished.

Vanquished Creatures (collateral kills)
  An adder (D:3)
  A quokka (D:3)
2 creatures vanquished.

Grand Total: 38 creatures vanquished

Notes
Turn   | Place    | Note
-------+----------+-------------------------------------------
     0 | D:1      | Koleisus the Ghoul Necromancer began the quest for the Orb.
     0 | D:1      | Reached XP level 1. HP: 14/14 MP: 2/2
    27 | D:1      | Learned a level 1 spell: Animate Skeleton
    68 | D:1      | You fall through a shaft!
   151 | D:2      | Reached XP level 2. HP: 20/20 MP: 1/3
   506 | D:2      | Noticed Terence
   528 | D:2      | HP: 1/20 [bat (1)]
   552 | D:2      | Killed Terence
   552 | D:2      | Reached XP level 3. HP: 3/26 MP: 0/5
   949 | D:3      | Reached XP level 4. HP: 32/33 MP: 2/6
   995 | D:3      | Reached skill level 5 in Necromancy
  1000 | D:3      | Learned a level 3 spell: Vampiric Draining
  1295 | D:3      | Reached skill level 1 in Unarmed Combat
  1535 | D:3      | Noticed Jessica
  1559 | D:3      | Killed Jessica
  1622 | D:3      | Reached XP level 5. HP: 36/36 MP: 0/8
  1727 | D:3      | Slain by a gnoll

Vault maps used:
D:1:      dpeg_arrival_rooms_b, hex_medium
D:2:      uniq_terence
D:3:      minmay_door_path, uniq_jessica

Skill      XL: |  1  2  3  4 |
---------------+-------------+-----
Spellcasting   | 2 |  2.9
Necromancy     | 5 |  5.3
Unarmed Combat | 1 |  1.1
Dodging        | 2 |  2.0
Fighting       | |  0.1
Stealth        | |  2.2
Shields        | |  0.1

Action                   |  1- 3 |  4- 6 || total
-------------------------+-------+-------++-------
Melee: Unarmed           |    31 |    36 ||    67
 Cast: Pain              |    29 |    36 ||    65
       Animate Skeleton  |    10 |     6 ||    16
       Vampiric Draining |       |     2 ||     2
  Use: Potion            |     1 |       ||     1
  Eat: Chunk             |     3 |     1 ||     4
Armor: Robe              |     9 |     4 ||    13
Dodge: Dodged            |    24 |    24 ||    48
Block: Buckler           |     6 |    16 ||    22

Table legend:
 A = Spawn XP
 B = Non-spawn XP
 C = Spawn XP percentage of total XP
 D = Spawn monster count
 E = Non-spawn monster count
 F = Spawn count percentage of total count
 G = Total turns spent on level
                    A         B        C        D         E        F      G
               +---------+---------+-------+---------+---------+-------+---------
         Total |       0 |     202 |   0.0 |       0 |      38 |   0.0 |  1727
               +---------+---------+-------+---------+---------+-------+---------
           D:1 |       0 |       8 |   0.0 |       0 |       3 |   0.0 |    68
           D:2 |       0 |      60 |   0.0 |       0 |      12 |   0.0 |   539
           D:3 |       0 |     134 |   0.0 |       0 |      23 |   0.0 |  1120
               +---------+---------+-------+---------+---------+-------+---------
